 Dungeon Crawl Stone Soup version 0.25-a0-458-g6fc7858 (webtiles) character file.

Game seed: 1824917835810784258, levelgen mode: deterministic

19 Auros the Chopper (level 2, -1/26 HPs)
             Began as a Hill Orc Fighter on Jan 31, 2020.
             Slain by a gnoll
             ... wielding a +0 spear
              (5 damage)
             ... on level 3 of the Dungeon.
             The game lasted 00:01:58 (348 turns).

Auros the Chopper (Hill Orc Fighter)                 Turns: 348, Time: 00:02:01

Health: -1/26      AC:  6    Str: 18    XL:     2   Next: 75%
Magic:  2/2        EV:  7    Int:  8    God:
Gold:   11         SH:  9    Dex: 10    Spells: 1/1 levels left

rFire    . . .     SeeInvis .   a - +0 war axe
rCold    . . .     Gourm    .   c - +0 shield
rNeg     . . .     Faith    .   b - +0 scale mail
rPois    .         Spirit   .   (no helmet)
rElec    .         Reflect  .   (no cloak)
rCorr    .         Harm     .   (no gloves)
MR       .....                  (no boots)
Stlth    ..........             (no amulet)
HPRegen  0.08/turn              (no ring)
MPRegen  0.08/turn              (no ring)

@: no status effects
A: no striking features
a: no special abilities


You were on level 3 of the Dungeon.
You were not hungry.

You visited 1 branch of the dungeon, and saw 3 of its levels.

You collected 11 gold pieces.

Inventory:

Hand Weapons
 a - a +0 war axe (weapon)
Armour
 b - a +0 scale mail (worn)
 c - a +0 shield (worn)
Scrolls
 e - a scroll of remove curse {unknown}
Potions
 d - a potion of might
Comestibles
 f - 7 chunks of flesh
 z - a ration


   Skills:
 - Level 3.6 Fighting
 + Level 4.3 Axes
 - Level 3.2 Armour
 - Level 3.2 Shields


You had one spell level left.
You didn't know any spells.
Your spell library was empty.

Dungeon Overview and Level Annotations

Branches:
Dungeon (3/15)

Altars:


Message History

You closely miss the kobold. The gnoll hits you but does no damage.
You block the kobold's attack. The gnoll closely misses you.
You barely miss the gnoll.
The gnoll is moderately wounded.
You closely miss the kobold. The kobold hits you with a +0 dagger.
* * * LOW HITPOINT WARNING * * *
The gnoll barely misses you. You block the kobold's attack.
You hit the gnoll.
The gnoll is heavily wounded.
You hit the kobold.
A gnoll comes into view.
You block the gnoll's attack. The kobold closely misses you.
The gnoll shouts!
You hit the gnoll.
The gnoll is severely wounded.
Your shield prevents you from hitting the kobold.
The gnoll hits you with a +0 spear.
* * * LOW HITPOINT WARNING * * *
You block the kobold's attack. The gnoll hits you with a +0 spear.
You die...

### ########<###
..........(#######
..........K@(....#
#.........g#####+#
#......g....#
##.........#
#......$###+#
..####... #....
#)..gg #......


You could see 2 gnolls and a kobold.

Vanquished Creatures
  A gnoll (D:3)
  A worm (D:3)
  A giant cockroach (D:1)
  A goblin (D:1)
  2 hobgoblins (D:1)
  A bat (D:1)
7 creatures vanquished.

Notes
Turn   | Place    | Note
-------+----------+-------------------------------------------
     0 | D:1      | Auros the Hill Orc Fighter began the quest for the Orb.
     0 | D:1      | Reached XP level 1. HP: 19/19 MP: 1/1
    75 | D:1      | Reached skill level 3 in Axes
   320 | D:3      | Reached XP level 2. HP: 26/26 MP: 2/2
   341 | D:3      | Reached skill level 4 in Axes
   348 | D:3      | Slain by a gnoll

Levels and vault maps discovered:
D:1:      lemuel_arrival_room, layout_basic, minmay_bisected
D:2:      layout_basic, lemuel_zombie_altar_kikubaaqudgha,
          nicolae_overflow_crystal_walls, first_ration, minmay_splitting_lines,
          grunt_decor_resistance
D:3:      layout_basic, lemuel_doored_altar, gammafunk_ghost_stat_death,
          nemelex_dance_club_becter, uniq_ijyb

Skill      XL: |  1  2 |
---------------+-------+-----
Axes           | 3 4 |  4.3
Fighting       | |  3.6
Armour         | |  3.2
Shields        | |  3.2

Action                   || total
-------------------------++-------
Melee: War axe           ||    42
Armor: Scale mail        ||    20
Dodge: Dodged            ||    20
Block: Shield            ||    31

Table legend:
 A = Non-vault XP
 B = Vault XP
 C = Vault XP percentage of total XP
 D = Non-vault monster count
 E = Vault monster count
 F = Vault count percentage of total count
                 A         B        C        D         E       F
            +---------+---------+-------+---------+---------+-------
      Total |      26 |       2 |   7.1 |       6 |       1 |  14.3
            +---------+---------+-------+---------+---------+-------
        D:1 |       7 |       2 |  22.2 |       4 |       1 |  20.0
        D:3 |      19 |       0 |   0.0 |       2 |       0 |   0.0
            +---------+---------+-------+---------+---------+-------
